 Dungeon Crawl Stone Soup version 0.17-a0-1435-geafbe2f (webtiles) character file.

372162 xgamer67 the Fencer (level 21, -2/144 HPs)
             Began as a Vampire Enchanter on June 26, 2015.
             Was the Champion of Dithmenos.
             Splashed by an acid blob's acid (13 damage)
             ... while paralysed by a great orb of eyes
             ... on level 6 of the Pits of Slime.
             The game lasted 05:37:32 (70261 turns).

xgamer67 the Fencer (Vampire Enchanter)            Turns: 70261, Time: 05:37:33

Health: -2/144     AC: 23    Str: 12    XL:     21   Next: 71%
Magic:  36/44      EV:  2    Int: 32    God:    Dithmenos [******]
Gold:   606        SH:  0    Dex: 18    Spells: 11 memorised, 0 levels left

rFire  . . .     SeeInvis +     b - +9 triple sword (slice)
rCold  + + .     Clarity  .     l - +5 robe of Makhleb's Esteem {*Contam +Inv MP+9}
rNeg   + + +     SustAt   .     (no shield)
rPois  ∞         Gourm    .     g - +2 helmet {Int+3}
rElec  .         Spirit   .     w - +2 cloak
rCorr  .         Warding  .     M - +1 pair of gloves
rMut   +         Stasis   .     n - +0 pair of boots
MR     +....                    E - amulet of resist mutation
Stlth  ++++++++++               m - ring of protection from magic
                                R - +4 ring of evasion

@: paralysed, mighty, brilliant, icy armour (expiring), vulnerable, corroded
equipment, very slightly contaminated, bloodless, non-regenerating, wreathed by
umbra, deflect missiles, somewhat resistant to hostile enchantments, uncannily
stealthy
A: fangs 3, see invisible, unbreathing
a: Bat Form, Shadow Step, Shadow Form, Renounce Religion, Evoke Invisibility
}: 2/15 runes: barnacled, gossamer


You were on level 6 of the Pits of Slime.
You worshipped Dithmenos.
Dithmenos was exalted by your worship.
You were bloodless.

You visited 9 branches of the dungeon, and saw 49 of its levels.
You visited 1 bazaar.
You also visited: Ice Cave.

You collected 4034 gold pieces.
You spent 3428 gold pieces at shops.

Inventory:

Hand weapons
 a - the +7 dagger "Ylagal" {drain, Dex+4}
   (You found it on level 4 of the Shoals)

   A truly terrible weapon, it drains the life of those it strikes.
   It affects your dexterity (+4).
 b - a +9 triple sword of slicing (weapon)
 c - the +5 rapier of World Downfall {pierce, rF+}
   (You acquired it on level 2 of the Lair of Beasts)

   It inflicts extra damage upon your enemies.
   It protects you from fire.
Missiles
 y - 4 javelins of returning (quivered)
 N - 14 throwing nets
Armour
 d - the +1 pair of gloves of Refuge {*Confuse MP+9 Str+2 Dex+2}
   (You found it on level 1 of the Vaults)

   It affects your strength (+2).
   It affects your dexterity (+2).
   It affects your magic capacity (+9).
   It may confuse you when you take damage.
 g - a +2 helmet of intelligence (worn)
 l - the +5 robe of Makhleb's Esteem (worn) {*Contam +Inv MP+9}
   (You bought it in a shop in a bazaar)

   It affects your magic capacity (+9).
   It lets you turn invisible.
   It causes magical contamination when unequipped.
 n - a +0 pair of boots (worn)
 w - a +2 cloak (worn)
 M - a +1 pair of gloves (worn)
Jewellery
 m - a ring of protection from magic (right hand)
 o - the ring of Peace {Ice Str+4 SInv}
   (You found it on level 8 of the Lair of Beasts)

   [ring of ice]

   It enhances your ice magic, and weakens your fire magic.
   It affects your strength (+4).
   It makes you vulnerable to fire.
   It protects you from cold.
   It lets you see invisible.
 z - an uncursed ring of protection from cold
 D - the amulet "Buqeof" {rCorr rPois Int+7}
   (You took it off a rakshasa on level 1 of the Depths)

   [amulet of resist corrosion]

   It protects you from acid and corrosion.
   It affects your intelligence (+7).
   It protects you from poison.
 E - an amulet of resist mutation (around neck)
 G - an uncursed ring of sustain attributes
 R - a +4 ring of evasion (left hand)
 T - an uncursed ring of teleportation
 X - the amulet of the Evening {Spirit *Corrode +Fly rElec rC+++}
   (You found it on level 8 of the Lair of Beasts)

   [amulet of guardian spirit]

   It causes incoming damage to be split between your health and magic.
   It renders you almost immune to cold.
   It insulates you from electricity.
   It lets you fly.
   It may corrode your equipment when you take damage.
 Z - the ring "Lougguh" {rPois rF+ MR- Str-3 SInv}
   (You found it on level 8 of the Lair of Beasts)

   [ring of poison resistance]

   It affects your strength (-3).
   It protects you from fire.
   It protects you from poison.
   It affects your resistance to hostile enchantments.
   It lets you see invisible.
Magical devices
 k - a wand of draining (0)
 t - a wand of disintegration (7)
 x - a wand of teleportation (3)
 S - a wand of heal wounds (2)
Scrolls
 h - a scroll of torment
 j - a scroll of blinking
 u - 4 scrolls of recharging
 v - a scroll of identify
 A - 3 scrolls of fog
 B - 3 scrolls of summoning
 C - 11 scrolls of remove curse
 H - a scroll of teleportation
 J - a scroll of silence
 K - a scroll of fear
 L - 3 scrolls of amnesia
Potions
 e - 4 potions of curing
 i - 5 potions of brilliance
 s - 3 potions of agility
 F - 4 potions of ambrosia
 P - 3 potions of resistance
 U - 2 potions of invisibility
 V - 3 potions of cancellation
 W - a potion of magic
Books
 p - a book of Frost

   Spells                             Type                      Level
   a - Freeze                         Ice                          1
   b - Throw Frost                    Conjuration/Ice              2
   c - Ozocubu's Armour               Charms/Ice                   3
   d - Throw Icicle                   Conjuration/Ice              4
   e - Summon Ice Beast               Ice/Summoning                4
   f - Condensation Shield            Ice                          4
 I - a book of Enchantments

   Spells                             Type                      Level
   a - Cause Fear                     Hexes                        4
   b - Silence                        Hexes/Air                    5
   c - Deflect Missiles               Charms/Air                   6
   d - Haste                          Charms                       6
   e - Discord                        Hexes                        8
Miscellaneous
 q - an ornate deck of changes {the Mercenary, drawn: 1}
 r - a stone of tremors (inert)


   Skills:
 - Level 7.0 Fighting
 - Level 12.0(17.9) Short Blades
 + Level 19.8(20.6) Long Blades
 - Level 15.0 Dodging
 - Level 18.0 Stealth
   Level 4.1 Shields
 - Level 10.0 Spellcasting
 - Level 14.0 Hexes
 - Level 14.0 Charms
 - Level 4.0 Summonings
 - Level 7.0 Ice Magic
 - Level 9.0 Air Magic
 - Level 8.1 Invocations


You couldn't memorise any spells.
You knew the following spells:

 Your Spells              Type           Power        Failure   Level  Hunger
b - Ensorcelled Hibernat  Hex/Ice        ######       1%          2    None
c - Confuse               Hex            #######.     1%          3    None
d - Tukima's Dance        Hex            #######.     1%          3    None
e - Dazzling Spray        Conj/Hex       ######..     1%          3    None
f - Spectral Weapon       Hex/Chrm       #######.     1%          3    None
B - Summon Butterflies    Summ           ######..     1%          1    None
H - Haste                 Chrm           #######.     1%          6    #####..
M - Deflect Missiles      Chrm/Air       #######...   1%          6    #####..
O - Ozocubu's Armour      Chrm/Ice       #######.     1%          3    None
S - Silence               Hex/Air        #######...   1%          5    ###....
V - Summon Mana Viper     Hex/Summ       #######.     1%          5    ###....


Dungeon Overview and Level Annotations

Branches:
Dungeon (15/15)            Temple (1/1) D:7            Lair (8/8) D:8
 Shoals (4/4) Lair:6       Spider (4/4) Lair:3        Slime (6/6) Lair:6
    Orc (4/4) D:9             Elf (0/3) Orc:4        Vaults (3/5) D:13
 Depths (4/5) D:15
  Crypt: Vaults:2-3

Altars:
Ashenzari
Cheibriados
Dithmenos
Elyvilon
Fedhas
Gozag
Kikubaaqudgha
Makhleb
Nemelex Xobeh
Okawaru
Qazlal
Ru
Sif Muna
Trog
Vehumet
Xom
Yredelemnul
Zin
The Shining One
Beogh

Shops:
Orc:1 *   Orc:4 ![*:*   Shoals:1 [}   Shoals:2 %   Vaults:2 (   Depths:1 }

Portals:
Hell: Depths:1 Depths:2 Depths:3
Pandemonium: Orc:4 Depths:3
Ziggurat: Depths:3
Trove: D:12 (show abyssal rune of Zot)

Annotations:
D:4 Mulkerokala's ghost, average GrFE
D:14 exclusion: Roxanne, Roxanne
Lair:1 exclusion: basilisk
Lair:5 exclusion: downstairs
Shoals:4 Ilsuiw
Slime:6 Royal Jelly
Vaults:2 Sojobo
Vaults:3 exclusions: ironheart preserver, 3 ogres, ogre mage, 4 ugly things and 3 yaktaurs
Depths:2 exclusions: 3 deep trolls, deep troll earth mage and yaktaur
Depths:4 Mennas; Xtahua


Innate Abilities, Weirdness & Mutations

You do not heal naturally.
You are immune to poison.
You have razor-sharp teeth.
You have supernaturally acute eyesight.
You can survive without breathing.


Message History

You feel your power leaking away.
Your icy armour starts to melt.
Evoke which item? (* to show all) (? for menu, Esc to quit)
Zapping:
S - a wand of heal wounds (3)
Press: ? - help, Shift-Dir - straight line, f - you, p - royal jelly You feel much better.
This wand has 2 charges left.
The acid blob completely misses you. The great orb of eyes gazes at you.
You suddenly lose the ability to move!
The acid blob hits you!
* * * LOW HITPOINT WARNING * * *
You are splashed with acid!
The acid burns!
* * * LOW HITPOINT WARNING * * *
The acid blob spits acid at you. The splash of acid hits you!
The acid burns!
* * * LOW HITPOINT WARNING * * *
The acid blob spits acid at you.
Helpless, you fail to dodge the splash of acid.
* * * LOW HITPOINT WARNING * * *
The acid burns!
You die...

.......................
........................
.................^......
........................
........................
........................
..............JJ........
......J..JJ.J.GJ........
......##.#.#.J.#@.......
......####.######.......
..J.### #.. #...J..
J..## ##J# ...... ...#
.# ..... J### ## ##...
..# ... ..# .. .##


You could see 3 acid blobs, 2 azure jellies, a great orb of eyes, a death ooze
and a jelly.

Vanquished Creatures
  Arachne (Spider:3)
  2 liches
  A tentacled monstrosity (Depths:3)
  8 acid blobs
  Gastronok (D:11)
  Agnes (D:14)
  An octopode crusher (Shoals:1)
  Frances (Spider:1)
  Maud (Orc:4)
  An iron dragon (Depths:4)
  A fire giant (Depths:3)
  2 frost giants
  6 vault wardens
  Aizul (Spider:3)
  3 ghost moths
  8 emperor scorpions
  2 ironheart preservers
  13 stone giants
  8 very ugly things
  Nessos (D:12)
  3 dire elephants (Lair:8)
  2 ettins
  Snorg (Lair:7)
  A death ooze (Slime:2)
  3 merfolk impalers
  4 merfolk javelineers
  10 fire dragons
  8 vault guards
  Josephine (D:11)
  3 yaktaur captains
  A deep elf high priest (Depths:4)
  6 ice dragons
  Fannar (D:11)
  12 great orbs of eyes
  6 rakshasas
  6 entropy weavers
  An anaconda (Lair:8)
  A spriggan air mage (Depths:3)
  3 merfolk avatars
  8 centaur warriors
  5 ogre magi
  2 merfolk aquamancers
  Erica (D:11)
  A tengu warrior (Depths:1)
  3 hydras
  2 alligator snapping turtles (Shoals:4)
  A dancing weapon (Spider:3)
  5 deep troll shamans
  5 deep troll earth magi
  A queen ant (Spider:3)
  5 death yaks
  A satyr (Shoals:3)
  An orc high priest (Orc:3)
  A vampire mage (Depths:1)
  16 wizards
  A deep elf knight (Vaults:1)
  An ice devil (Orc:4)
  4 skeletal warriors (D:13)
  4 unseen horrors
  2 iron trolls (Depths:1)
  A gelid demonspawn (Orc:4)
  A shadow wraith (Vaults:1)
  3 flayed ghosts
  7 sea snakes
  A shadow demon (Depths:3)
  5 ironbrand convokers
  3 ice statues (IceCv)
  12 deep trolls
  A giant orange brain (Depths:4)
  7 hill giants
  A necromancer (Vaults:2)
  11 orc sorcerers
  30 ugly things
  14 orb spiders
  8 orc knights
  10 manticores
  A lindwurm (Lair:7)
  11 fauns
  8 griffons
  34 wolf spiders
  6 cyclopes
  15 harpies
  2 shining eyes
  A water nymph (Shoals:2)
  10 hornets
  A rust devil (Orc:4)
  5 sirens
  13 elephants
  A frost giant skeleton (Vaults:2)
  2 salamanders (Depths:3)
  10 black mambas
  4 vault sentinels
  4 moths of wrath
  An eye of devastation (Slime:2)
  3 torpor snails
  6 komodo dragons
  2 orange demons
  8 spiny frogs
  20 yaktaurs
  3 kobold demonologists
  An efreet (D:11)
  A centaur skeleton (D:13)
  6 fire drakes
  A hellwing (Orc:4)
  2 blue devils (Depths:3)
  14 demonic crawlers
  A polar bear (Lair:7)
  A troll (shapeshifter) (Depths:1)
  5 trolls
  39 jumping spiders
  27 merfolk
  2 tengu conjurers
  A wind drake (Shoals:4)
  3 spriggan druids (Lair:6)
  7 two-headed ogres
  6 snapping turtles
  24 blink frogs
  A raiju (shapeshifter) (Depths:1)
  69 slime creatures
  35 trapdoor spiders
  A vampire (D:13)
  44 redbacks
  2 air elementals
  3 boulder beetles
  A trapdoor spider (shapeshifter) (Depths:3)
  7 water elementals
  25 tarantellas
  47 yaks
  10 spriggans
  20 hippogriffs
  2 wyverns
  4 deep elf magi
  A mottled dragon (D:14)
  A chaos spawn (Depths:3)
  2 basilisks
  A hungry ghost (D:11)
  2 golden eyes (Slime:3)
  7 wraiths
  Menkaure (D:5)
  14 vampire mosquitoes
  24 wolves
  17 water moccasins
  15 porcupines
  6 wargs
  36 orc warriors
  2 necrophages
  6 sky beasts
  An orc zombie (Vaults:2)
  25 ogres
  23 soldier ants
  25 spiders
  An ettin simulacrum (Vaults:1)
  19 ice beasts
  5 wasps
  A black bear (D:8)
  4 eyes of draining
  10 centaurs
  4 phantoms
  18 boggarts
  12 crocodiles
  A brain worm (D:15)
  24 giant frogs
  4 big kobolds
  A human skeleton (Vaults:2)
  A killer bee (shapeshifter) (Depths:1)
  6 scorpions
  2 wights
  A quasit (D:11)
  An electric eel (Lair:6)
  8 crimson imps
  2 giant frog zombies
  2 centaur zombies
  30 jellies
  13 iguanas
  5 giant frog skeletons
  5 hounds
  31 worker ants
  33 orc priests
  17 sheep
  21 orc wizards
  A hound zombie (D:5)
  9 gnolls
  75 river rats
  20 adders
  3 shadow imps
  4 oozes
  An adder zombie (D:10)
  6 worms
  9 giant geckos
  173 orcs
  2 ball pythons
  14 bats
  A bat zombie (D:6)
  7 giant cockroaches
  19 goblins
  23 hobgoblins
  11 jackals
  17 kobolds
  6 quokkas
  A giant gecko skeleton (D:9)
  5 giant newts
  A jackal skeleton (D:6)
  12 rats
  A plant (Lair:8)
1816 creatures vanquished.

Vanquished Creatures (collateral kills)
  A vault warden (Vaults:1)
  A merfolk impaler (Shoals:4)
  5 vault guards (D:13)
  5 orc high priests (Orc:4)
  A gelid demonspawn (Orc:4)
  A siren (Shoals:4)
  A blink frog (Lair:6)
  3 spriggans (Lair:6)
  Grum (D:8)
  5 wights
  A gnoll (D:6)
  2 orcs (Orc:4)
27 creatures vanquished.

Vanquished Creatures (others)
  A deep elf demonologist (Vaults:3)
  A merfolk javelineer (Shoals:4)
  3 dancing weapons
  A wizard (Depths:2)
  A wolf spider (Spider:1)
  A yaktaur (Vaults:2)
  An air elemental (Depths:4)
  A vampire mosquito (Vaults:1)
  A boggart (Depths:2)
  An ogre (Vaults:3)
  A worker ant (Spider:3)
  A river rat (Lair:3)
  9 fungi
  7 plants (Lair:8)
  3 spectral weapons
33 creatures vanquished.

Grand Total: 1876 creatures vanquished

Notes
Turn   | Place    | Note
--------------------------------------------------------------
     0 | D:1      | xgamer67 the Vampire Enchanter began the quest for the Orb.
     0 | D:1      | Reached XP level 1. HP: 13/13 MP: 3/3
   410 | D:1      | Reached XP level 2. HP: 14/19 MP: 5/5
   413 | D:1      | Reached skill level 5 in Stealth
   418 | D:1      | Learned a level 2 spell: Ensorcelled Hibernation
  1113 | D:1      | Reached XP level 3. HP: 24/24 MP: 6/6
  1149 | D:1      | Learned a level 3 spell: Confuse
  1436 | D:2      | Reached skill level 5 in Hexes
  1588 | D:2      | Reached skill level 6 in Stealth
  1655 | D:2      | Reached XP level 4. HP: 30/30 MP: 7/7
  2399 | D:2      | Reached XP level 5. HP: 35/35 MP: 8/8
  2564 | D:3      | Reached skill level 7 in Stealth
  2564 | D:3      | Reached skill level 1 in Ice Magic
  3099 | D:3      | Found an iron altar of Okawaru.
  3556 | D:4      | Noticed Mulkerokala's ghost (average GrFE)
  3705 | D:4      | Found a shattered altar of Ashenzari.
  3706 | D:4      | Found a bloodstained altar of Trog.
  3819 | D:4      | Reached XP level 6. HP: 41/41 MP: 9/9
  3824 | D:4      | Learned a level 3 spell: Tukima's Dance
  3833 | D:5      | Entered Level 5 of the Dungeon
  3858 | D:5      | Reached skill level 8 in Stealth
  3967 | D:5      | Noticed Menkaure
  3971 | D:5      | Killed Menkaure
  3971 | D:5      | Reached skill level 5 in Dodging
  4035 | D:5      | Reached skill level 1 in Shields
  4035 | D:5      | Reached XP level 7. HP: 46/46 MP: 7/10
  5104 | D:6      | Reached XP level 8. HP: 52/52 MP: 11/11
  5823 | D:7      | Found a staircase to the Ecumenical Temple.
  5831 | Temple   | Entered the Ecumenical Temple
  5929 | Temple   | Became a worshipper of Dithmenos the Shadowed
  6233 | D:7      | Reached skill level 9 in Hexes
  6861 | D:8      | Noticed a fire drake
  6861 | D:8      | Found a staircase to the Lair.
  6890 | D:8      | Reached skill level 10 in Stealth
  6903 | D:8      | Reached XP level 9. HP: 57/57 MP: 7/12
  7197 | D:8      | Found a deep blue altar of Sif Muna.
  7463 | D:8      | Noticed Grum
  8320 | D:4      | Found an opulent altar of Gozag.
  8320 | D:4      | Found an ancient bone altar of Kikubaaqudgha.
  8321 | D:4      | Found a glowing golden altar of the Shining One.
  9110 | D:8      | Killed Grum
  9110 | D:8      | Reached skill level 5 in Short Blades
  9347 | D:8      | Killed a fire drake
  9351 | Lair:1   | Entered Level 1 of the Lair of Beasts
  9376 | Lair:1   | Acquired Dithmenos's first power
  9553 | Lair:1   | Reached XP level 10. HP: 63/63 MP: 5/13
  9723 | Lair:1   | Reached skill level 11 in Stealth
  9723 | Lair:1   | Reached skill level 10 in Hexes
  9973 | Lair:1   | Noticed a spiny frog
  9984 | Lair:1   | Killed a spiny frog
 10094 | Lair:1   | Reached skill level 12 in Stealth
 10590 | Lair:2   | Identified 2 scrolls of acquirement
 10593 | Lair:2   | Got a bloodstained rapier
 10594 | Lair:2   | Identified the +5 rapier of World Downfall {pierce, rF+} (You acquired it on level 2 of the Lair of Beasts)
 10603 | Lair:2   | Learned a level 5 spell: Metabolic Englaciation
 10843 | Lair:2   | Noticed a black mamba
 10845 | Lair:2   | Noticed a black mamba
 10848 | Lair:2   | Killed a black mamba
 10877 | Lair:2   | Killed a black mamba
 10910 | Lair:2   | Acquired Dithmenos's second power
 12161 | Lair:3   | Reached XP level 11. HP: 49/68 MP: 9/14
 12684 | Lair:3   | Noticed a black mamba
 12691 | Lair:3   | Killed a black mamba
 12862 | Lair:3   | Reached skill level 10 in Short Blades
 12903 | Lair:3   | Found a hole to the Spider Nest.
 13604 | Lair:3   | Acquired Dithmenos's third power
 13607 | Lair:3   | Reached skill level 10 in Dodging
 13943 | Lair:4   | Learned a level 1 spell: Summon Butterflies
 15612 | Lair:6   | Found a staircase to the Slime Pits.
 15647 | Lair:6   | Reached XP level 12. HP: 74/74 MP: 15/15
 15830 | Lair:6   | Noticed a spriggan rider
 15834 | Lair:6   | Killed a spriggan rider
 15834 | Lair:6   | Killed a wasp
 15834 | Lair:6   | Reached skill level 1 in Invocations
 15864 | Lair:6   | Noticed a spriggan rider
 15893 | Lair:6   | Killed a spriggan
 15895 | Lair:6   | Killed a wasp
 16019 | Lair:6   | Noticed a spriggan rider
 16019 | Lair:6   | Noticed a death yak
 16021 | Lair:6   | Killed a spriggan rider
 16021 | Lair:6   | Killed a wasp
 16134 | Lair:6   | Reached skill level 5 in Ice Magic
 16973 | Lair:6   | Acquired Dithmenos's fourth power
 17133 | Lair:6   | Noticed a seven-headed hydra
 17134 | Lair:6   | Killed a seven-headed hydra
 17134 | Lair:6   | Reached skill level 13 in Stealth
 17161 | Lair:6   | Reached skill level 14 in Stealth
 17242 | Lair:6   | Reached skill level 15 in Stealth
 17245 | Lair:6   | Reached skill level 1 in Fighting
 17730 | Lair:6   | Found a staircase to the Shoals.
 17866 | Lair:6   | Killed a death yak
 17866 | Lair:6   | Reached XP level 13. HP: 65/86 MP: 19/19
 18616 | Lair:7   | Got a smelly leather armour
 18756 | Lair:7   | Noticed Snorg
 18779 | Lair:7   | Killed Snorg
 18779 | Lair:7   | Reached skill level 5 in Fighting
 19527 | Lair:6   | Identified the +0 leather armour of the Will of the Gods {Regen+ Dex+3 Slay+2 Stlth-} (You found it on level 7 of the Lair of Beasts)
 19653 | Lair:8   | Entered Level 8 of the Lair of Beasts
 19653 | Lair:8   | Found a frozen archway.
 19719 | Lair:8   | Got a heavily runed brass amulet
 20277 | IceCv    | Entered an ice cave
 20316 | IceCv    | Identified the amulet of the Evening {Spirit *Corrode +Fly rElec rC+++} (You found it on level 8 of the Lair of Beasts)
 21034 | Lair:8   | Reached skill level 16 in Stealth
 21815 | Lair:8   | Noticed a dire elephant
 21849 | Lair:8   | Noticed a dire elephant
 21852 | Lair:8   | Noticed a dire elephant
 22105 | Lair:2   | Learned a level 3 spell: Dazzling Spray
 22248 | D:9      | Found a sparkling altar of Nemelex Xobeh.
 22682 | D:9      | Found a staircase to the Orcish Mines.
 22894 | D:10     | Entered Level 10 of the Dungeon
 23019 | D:10     | Reached XP level 14. HP: 98/98 MP: 13/20
 23775 | Orc:1    | Entered Level 1 of the Orcish Mines
 24138 | Orc:1    | Found Cphekol's Commerce Corner.
 24633 | Orc:2    | Found a roughly hewn altar of Beogh.
 25975 | Orc:4    | Entered Level 4 of the Orcish Mines
 26051 | Orc:4    | Found a staircase to the Elven Halls.
 26246 | Orc:4    | Reached skill level 17 in Stealth
 26373 | Orc:4    | Found Gima's General Store.
 26374 | Orc:4    | Found Bufiex's Distillery.
 26854 | Orc:4    | Reached skill level 5 in Spellcasting
 26862 | Orc:4    | Learned a level 5 spell: Summon Mana Viper
 26936 | Orc:4    | Reached skill level 1 in Summonings
 27032 | Orc:4    | Bought a potion of degeneration for 12 gold pieces
 27375 | Orc:4    | Noticed Maud
 27388 | Orc:4    | Killed Maud
 27567 | Orc:4    | Found Dof Kueleorgh's Assorted Antiques.
 28194 | Orc:4    | Reached skill level 18 in Stealth
 28617 | Orc:4    | Found Wuw Bena's Book Boutique.
 28617 | Orc:4    | Found Ekhlidgho's Antique Armour Shop.
 28617 | Orc:4    | Found a one-way gate leading to the halls of Pandemonium.
 28621 | Orc:4    | Bought a runed helmet for 90 gold pieces
 28621 | Orc:4    | Bought a runed cloak for 90 gold pieces
 28739 | Orc:4    | Bought an amethyst potion for 23 gold pieces
 28739 | Orc:4    | Bought a scroll labeled YLUYGY MOBBOO for 26 gold pieces
 28739 | Orc:4    | Bought 3 scrolls labeled DECENO PAGA for 78 gold pieces
 28739 | Orc:4    | Bought a scroll labeled KUDDAR APUFOAV for 26 gold pieces
 28739 | Orc:4    | Bought a lumpy jade amulet for 130 gold pieces
 28798 | Orc:4    | Bought a potion of ambrosia for 96 gold pieces
 28798 | Orc:4    | Bought 2 potions of flight for 72 gold pieces
 28798 | Orc:4    | Bought a potion of magic for 96 gold pieces
 28798 | Orc:4    | Bought a potion of agility for 48 gold pieces
 28800 | Orc:4    | Bought a potion of haste for 150 gold pieces
 28835 | Orc:4    | Bought a book of Battle for 680 gold pieces
 29152 | D:11     | Found a shimmering altar of Xom.
 29291 | D:11     | Noticed Fannar
 29308 | D:11     | Noticed Erica
 29370 | D:11     | Was placed under penance by Dithmenos
 29376 | D:11     | Killed Erica
 29433 | D:11     | Killed Fannar
 29449 | D:11     | Learned a level 3 spell: Spectral Weapon
 29601 | D:11     | Was forgiven by Dithmenos
 29729 | D:11     | Noticed Gastronok
 29731 | D:11     | Killed Gastronok
 29771 | D:11     | Noticed Josephine
 30048 | D:12     | Noticed Nessos
 30050 | D:12     | Reached XP level 15. HP: 108/108 MP: 24/24
 30052 | D:12     | Killed Nessos
 30084 | D:12     | Found a portal to a secret trove of treasure.
 30741 | D:13     | Reached XP level 16. HP: 115/115 MP: 25/25
 30742 | D:13     | Reached skill level 15 in Dodging
 30742 | D:13     | Reached XP level 17. HP: 120/120 MP: 26/26
 30747 | D:13     | Learned a level 3 spell: Regeneration
 30761 | D:12     | Reached skill level 1 in Charms
 30992 | D:13     | Reached skill level 5 in Charms
 31114 | D:13     | Found a gate to the Vaults.
 31949 | D:14     | Noticed Roxanne
 31951 | D:14     | Noticed Agnes
 31954 | D:14     | Killed Agnes
 32370 | D:15     | Entered Level 15 of the Dungeon
 33402 | D:15     | Found a staircase to the Depths.
 33834 | Orc:4    | Bought a book of Enchantments for 850 gold pieces
 34491 | Lair:8   | Killed a dire elephant
 34544 | Lair:8   | Noticed a dire elephant
 34549 | Lair:8   | Killed a dire elephant
 34726 | Lair:8   | Got a bloodstained rapier
 34728 | Lair:8   | Identified the +6 rapier of Defilement {flame, *Rage +Fly MR+ Str+3 Int+3} (You found it on level 8 of the Lair of Beasts)
 34751 | Lair:8   | Noticed a dire elephant
 34751 | Lair:8   | Noticed a dire elephant
 35478 | Lair:8   | Got a slimy amber ring
 35480 | Lair:8   | Got a glittering lapis lazuli ring
 35487 | Lair:8   | Identified the ring of Peace {Ice Str+4 SInv} (You found it on level 8 of the Lair of Beasts)
 35489 | Lair:8   | Identified the ring "Lougguh" {rPois rF+ MR- Str-3 SInv} (You found it on level 8 of the Lair of Beasts)
 35527 | Lair:8   | Killed a dire elephant
 35812 | Spider:1 | Entered Level 1 of the Spider Nest
 36089 | Spider:1 | Got a brightly glowing cloak
 36100 | Spider:1 | Identified the cursed +0 cloak of the Stars {rElec Str+4 Dex-3 SInv} (You found it on level 1 of the Spider Nest)
 36634 | Spider:1 | Noticed Frances
 36636 | Spider:1 | Killed Frances
 36789 | Spider:1 | Reached skill level 10 in Charms
 37739 | Spider:1 | Learned a level 6 spell: Haste
 38941 | Shoals:1 | Entered Level 1 of the Shoals
 39010 | Shoals:1 | Found Nawniepy's Armour Emporium.
 39050 | Shoals:1 | Found Saev's Gadget Emporium.
 39112 | Shoals:1 | Found a flickering gateway to a bazaar.
 39117 | Bazaar   | Entered a bazaar
 39131 | Bazaar   | Found Rykaise's Armour Shoppe.
 39159 | Bazaar   | Found Yxzis's Gadget Shoppe.
 39174 | Bazaar   | Found Icenno Afia's General Store.
 39234 | Bazaar   | Bought the +5 robe of Makhleb's Esteem {*Contam +Inv MP+9} for 306 gold pieces
 39282 | Bazaar   | Bought a scroll of identify for 18 gold pieces
 39463 | Shoals:1 | Reached XP level 18. HP: 122/127 MP: 31/31
 40973 | Spider:3 | Noticed Aizul
 40995 | Spider:4 | Entered Level 4 of the Spider Nest
 42014 | Spider:3 | Reached skill level 1 in Long Blades
 42173 | Spider:3 | Noticed Arachne
 42632 | Shoals:2 | Gained mutation: Your body sometimes deteriorates upon taking damage. [a Zot trap]
 42645 | Shoals:2 | Reached skill level 5 in Long Blades
 43261 | D:14     | Lost mutation: Your body sometimes deteriorates upon taking damage. [potion of cure mutation]
 44341 | Spider:3 | Killed Arachne
 44977 | Spider:3 | Killed Aizul
 46216 | Lair:3   | Found a hole to the Spider Nest.
 46619 | Spider:4 | Reached skill level 10 in Long Blades
 47813 | Spider:4 | Reached XP level 19. HP: 93/132 MP: 7/32
 48045 | Spider:4 | Got a gossamer rune of Zot
 48560 | Shoals:2 | Found Xoroopeoju's Food Emporium.
 49602 | Shoals:4 | Entered Level 4 of the Shoals
 50391 | Orc:4    | Bought a scroll of brand weapon for 300 gold pieces
 50798 | Shoals:4 | Got a fine dagger
 50800 | Shoals:4 | Identified the +7 dagger "Ylagal" {drain, Dex+4} (You found it on level 4 of the Shoals)
 51293 | Shoals:4 | Was placed under penance by Dithmenos
 51486 | Shoals:4 | Noticed Ilsuiw
 51893 | D:8      | Was forgiven by Dithmenos
 51996 | Vaults:1 | Entered Level 1 of the Vaults
 52470 | Vaults:1 | Reached skill level 15 in Long Blades
 53400 | Vaults:1 | Got a pair of warped gloves
 53411 | Vaults:1 | Identified the +1 pair of gloves of Refuge {*Confuse MP+9 Str+2 Dex+2} (You found it on level 1 of the Vaults)
 54482 | Shoals:4 | Got a barnacled rune of Zot
 54566 | Shoals:4 | Was placed under penance by Dithmenos
 55052 | Orc:4    | Bought a scroll of recharging for 142 gold pieces
 55492 | Vaults:1 | Was forgiven by Dithmenos
 55866 | Vaults:1 | Reached XP level 20. HP: 123/139 MP: 25/33
 55916 | Vaults:1 | Learned a level 6 spell: Deflect Missiles
 56298 | Vaults:2 | Found Texin's Weapon Shoppe.
 56645 | Vaults:2 | Reached skill level 1 in Air Magic
 57427 | Vaults:2 | Reached skill level 5 in Air Magic
 57460 | Vaults:2 | Noticed Sojobo
 57989 | Depths:1 | Entered Level 1 of the Depths
 59030 | D:11     | Killed Josephine
 59474 | Orc:4    | Bought a scroll of blinking for 195 gold pieces
 60064 | Depths:1 | Found a gateway to Hell.
 60384 | Depths:1 | Found Zexteiv's Quality Used Wands.
 60770 | Depths:1 | Got a shimmering tin amulet
 60771 | Depths:1 | Identified the amulet "Buqeof" {rCorr rPois Int+7} (You took it off a rakshasa on level 1 of the Depths)
 63776 | Orc:3    | Learned a level 3 spell: Ozocubu's Armour
 64114 | Depths:2 | Reached skill level 10 in Spellcasting
 65420 | Depths:3 | Found a gateway to a ziggurat.
 65444 | Depths:3 | Reached XP level 21. HP: 90/144 MP: 35/35
 66257 | Depths:3 | Learned a level 5 spell: Silence
 67683 | Depths:4 | Noticed Xtahua
 67685 | Depths:4 | Noticed Mennas
 68203 | Slime:1  | Entered Level 1 of the Pits of Slime
 68334 | Slime:2  | Reached skill level 19 in Long Blades
 70038 | Slime:6  | Entered Level 6 of the Pits of Slime
 70071 | Slime:6  | Noticed the royal jelly
 70260 | Slime:6  | Paralysed by a great orb of eyes for 6 turns
 70261 | Slime:6  | Splashed by an acid blob's acid

Vault maps used:
D:1:      dpeg_arrival_pond
D:2:      fountainhead
D:3:      lemuel_crystal_altar
D:4:      gammafunk_temple_overflow_claw, gammafunk_temple_overflow_statue
D:5:      first_bread, uniq_menkaure
D:7:      minmay_temple_entry_overgrown, the_bakery
D:8:      nicolae_overflow_crystal_walls, minmay_lair_entry_lava, uniq_grum
D:9:      orc_0_dummy, basic_altar
D:10:     hangedman_abyss_or_decor_clamps
D:11:     xom_teletrap_fun, uniq_erica, uniq_gastronok, uniq_josephine,
          uniq_fannar
D:12:     enter_trove_0, kennysheep_island_fort, uniq_nessos
D:13:     erik_vaults_2, spider_trap, hex_large
D:14:     minivault_23, amalloy_card_club, uniq_agnes, uniq_roxanne
D:15:     grunt_enter_depths_hoard, amethyst_killhole
Temple:   circular_temple_12
Lair:1:   minivault_25, grunt_megastairs_3
Lair:2:   grunt_forest_small_clearing_treed
Lair:3:   spider_nest_entry_webs, grunt_forest_large_clearings
Lair:6:   forest_paths, minmay_shoals_entry_hut, minmay_slime_entry_jelly_boxes,
          grunt_megastairs_2
Lair:7:   lemuel_fruit_tree, uniq_snorg
Lair:8:   due_jungle_book, portal_ice_cave_entry_ice_beasts
Shoals:1: serial_shops, bzr_entry_road, nicolae_shop_crystal, shop,
          nicolae_shoals_cliffside_cave, hangedman_shoal_octodias
Shoals:2: serial_shops, shop, nicolae_shoals_stone_sculpture_thing
Shoals:4: shoals_end_simple, shoals_ilsuiw_alternative
Spider:1: uniq_frances
Spider:3: zaba_anthell, uniq_arachne, uniq_aizul
Spider:4: grunt_spider_rune_parallel, guppyfry_wasp_nest
Slime:1:  cheibrodos_slime_lost_civilization_2, nicolae_slime_barrier
Slime:2:  nicolae_slime_phagocytosis
Slime:4:  nicolae_slime_round_cave
Orc:1:    nicolae_alphabet_shops
Orc:2:    mines2_david
Orc:3:    nicolae_orc_pool_cavern
Orc:4:    pf_orc_diabolical, serial_shops, nicolae_shop_crystal,
          nicolae_orc_rockfall, uniq_maud
Vaults:1: hangedman_vaults_cutoff, nicolae_vaults_little_squares_6,
          nicolae_vaults_little_squares_2, grunt_vaults_trifunnel, v_pattern_3,
          nicolae_vaults_an_arrangement, nicolae_vaults_ring_of_whatevers,
          nicolae_vaults_little_ls, ontoclasm_vaults_decontamination,
          ontoclasm_vaults_loading_screen, nicolae_vaults_three_branches
Vaults:2: vaults_standard_mumra_x, st_greater_box_2, nicolae_vaults_what_the_h,
          vaults_dpeg_spiral, v_pattern_2, hangedman_vaults_pinch,
          hangedman_vaults_hat, vaults_room_door_ring, vaults_dpeg_encased_lava,
          serial_shops, shop, uniq_sojobo
Vaults:3: serial_ice_b, vaults_room_fours, nicolae_vaults_ring_of_whatevers,
          vaults_room_door_hall, blue_anna_dwarven_crypt, grunt_vaults_swirl,
          hangedman_vaults_trim, v_misc_28, hangedman_vaults_river_flow,
          vaults_dpeg_hooks
Depths:1: pf_hell_entry_tar_spiral, hangedman_decor_riveting, mu_enter_wizlab_6,
          minmay_misc_feat_diagonals, nicolae_for_you_no_charge
Depths:2: minmay_tri_stars, minmay_holes, pf_coc_iceberg
Depths:3: kennysheep_big_flooded_room, enter_ziggurat_e, rand_demon_pan_entry_9,
          hell_entry, infiniplex_staircase_zigzag_4
Depths:4: hangedman_spin_cycle, hell_entry, abyss_entry, uniq_mennas,
          uniq_xtahua
Bazaar:   bazaar_long_row
IceCv:    ice_cave_statue_garden_02

Action                   |  1- 3 |  4- 6 |  7- 9 | 10-12 | 13-15 | 16-18 | 19-21 || total
-------------------------+-------+-------+-------+-------+-------+-------+-------++-------
Melee: Dagger            |    77 |   144 |   151 |       |       |       |   184 ||   556
       Short sword       |       |       |    46 |   433 |  1011 |       |       ||  1490
       Rapier            |       |       |       |   146 |   509 |  1242 |   210 ||  2107
       Long sword        |       |       |       |       |       |    91 |    11 ||   102
       Triple sword      |       |       |       |       |       |       |  1477 ||  1477
Throw: Javelin           |       |       |       |       |       |     3 |     1 ||     4
 Cast: Ensorcelled Hiber |    12 |    18 |    46 |    98 |   112 |   271 |   184 ||   741
       Confuse           |       |       |     7 |     3 |    17 |    41 |    57 ||   125
       Tukima's Dance    |       |       |     7 |    16 |    15 |    15 |    18 ||    71
       Metabolic Englaci |       |       |       |     1 |     4 |       |       ||     5
       Dazzling Spray    |       |       |       |       |    16 |    48 |    19 ||    83
       Summon Mana Viper |       |       |       |       |     1 |       |       ||     1
       Regeneration      |       |       |       |       |       |     4 |       ||     4
       Spectral Weapon   |       |       |       |       |       |     2 |    20 ||    22
       Haste             |       |       |       |       |       |     1 |    33 ||    34
       Summon Butterflie |       |       |       |       |       |       |     1 ||     1
       Ozocubu's Armour  |       |       |       |       |       |       |    26 ||    26
       Deflect Missiles  |       |       |       |       |       |       |     6 ||     6
Invok: Shadow Step       |       |       |       |     2 |     8 |     8 |     8 ||    26
 Abil: End Transformatio |       |     2 |       |       |     3 |     7 |     3 ||    15
       Bat Form          |       |     2 |       |       |     3 |     7 |     3 ||    15
Evoke: Wand              |       |       |       |     6 |       |     1 |    26 ||    33
       Deck              |       |       |       |       |       |       |     1 ||     1
       Stone of tremors  |       |       |       |       |       |       |     1 ||     1
  Use: Potion            |     5 |     6 |    18 |    11 |    19 |    39 |    81 ||   179
       Scroll            |       |     6 |     3 |    11 |    10 |    25 |    35 ||    90
 Stab: Sleeping          |    15 |    38 |    56 |   108 |   169 |   257 |   176 ||   819
       Distracted        |     1 |     1 |     3 |    11 |    13 |    19 |    21 ||    69
       Confused          |       |       |     2 |     1 |    12 |    38 |    35 ||    88
       Invisible         |       |       |       |       |     7 |    10 |     2 ||    19
       Held in net/web   |       |       |       |       |       |     1 |       ||     1
  Eat: Corpse            |     2 |     3 |     3 |     1 |       |     2 |       ||    11
